 Seeded DCSS version 0.26.1-2-gb8aa6d0cf2 (webtiles) character file.

Game seed: 13580442721858370627 (custom seed)

164998 jmmainvi the Imperceptible (level 17, -6/89 (90) HPs)
             Began as a Spriggan Enchanter on Feb 15, 2021.
             Was an Initiate of Gozag.
             Mangled by a ghost crab (13 damage)
             ... on level 4 of the Swamp.
             The game lasted 03:24:11 (69956 turns).

jmmainvi the Imperceptible (Spriggan Enchanter)    Turns: 69956, Time: 03:24:11

HP:   -6/89 (90)    AC: 20    Str: 13    XL:     17   Next: 27%
MP:   34/34         EV: 21    Int: 25    God:    Gozag
Gold: 4312          SH: 11    Dex: 16    Spells: 11/40 levels left

rFire    . . .     SeeInvis +   b - +10 quick blade "Beastslayer" {drain, rElec Dex+4}
rCold    + . .     Faith    .   Z - +3 buckler {reflect}
rNeg     + . .     Spirit   .   l - +8 ice dragon scales
rPois    +         Reflect  +   e - +2 hood of the Assassin {Detection Stab+ Stlth++}
rElec    +         Harm     .   r - scarf {shadows}
rCorr    .         Rampage  .   (gloves unavailable)
Will     +++..                  (boots unavailable)
Stlth    ++++++++++             i - amulet of the acrobat
HPRegen  0.24/turn              K - ring of Qaunkyfai {Fire rPois rN+ Int+4 Dex-4}
MPRegen  0.24/turn              k - ring of Dychusiv {Will+ Str+6 Stlth+}

@: mighty, gold aura, lightly drained, very quick
A: very small, unfitting armour, see invisible, speed 3
a: Renounce Religion, Potion Petition, Call Merchant, Bribe Branch


You were on level 4 of the Swamp.
You worshipped Gozag.
Gozag was most pleased with you.
You visited 6 branches of the dungeon, and saw 31 of its levels.
You visited 2 bazaars.
You also visited: Ice Cave.

You collected 11389 gold pieces.
You spent 6891 gold pieces at shops.
You paid 186 gold pieces to Gozag.

Inventory:

Hand Weapons
 a - a +2 dagger of speed
 b - the +10 quick blade "Beastslayer" (weapon) {drain, rElec Dex+4}
   (You bought it in a shop in a bazaar)

   A truly terrible weapon, it drains the life of those it strikes.
   It affects your dexterity (+4).
   It insulates you from electricity.
 X - the +9 arbalest of Radicalism {elec, rN+ Will- Str+2 Stlth+}
   (You found it in an ice cave)

   It charges the ammunition it shoots with electricity; occasionally upon a
   hit, such missiles may discharge and cause terrible harm.
   It affects your strength (+2).
   It protects you from negative energy.
   It affects your willpower, your defense against some magical effects.
   It makes you more stealthy.
Missiles
 t - 5 atropa-tipped darts
 u - 3 curare-tipped darts
 z - 2 throwing nets
 H - 479 bolts
Armour
 e - the +2 hood of the Assassin (worn) {Detection Stab+ Stlth++}
   (You acquired it on level 13 of the Dungeon)

   It makes you much more stealthy.
 l - +8 ice dragon scales (worn)
 r - a scarf of shadows (worn)
 Z - a +3 buckler of reflection (worn)
Jewellery
 i - an amulet of the acrobat (around neck)
 j - an uncursed ring of protection from fire
 k - the ring of Dychusiv (right hand) {Will+ Str+6 Stlth+}
   (You bought it in a shop on level 12 of the Dungeon)

   [ring of willpower]

   It affects your strength (+6).
   It affects your willpower, your defense against some magical effects.
   It makes you more stealthy.
 C - an uncursed ring of resist corrosion
 K - the ring of Qaunkyfai (left hand) {Fire rPois rN+ Int+4 Dex-4}
   (You bought it in a shop in a bazaar)

   [ring of fire]

   It enhances your fire magic.
   It affects your intelligence (+4).
   It affects your dexterity (-4).
   It protects you from fire.
   It makes you vulnerable to cold.
   It protects you from poison.
   It protects you from negative energy.
Wands
 g - a wand of digging (9)
 J - a wand of enslavement (34)
 O - a wand of disintegration (22)
 Y - a wand of acid (16)
Scrolls
 h - 15 scrolls of teleportation
 o - a scroll of brand weapon
 s - 8 scrolls of enchant weapon
 v - 2 scrolls of vulnerability
 x - a scroll of silence
 y - 2 scrolls of fear
 B - 2 scrolls of magic mapping
 D - 16 scrolls of remove curse
 E - 5 scrolls of blinking
 P - 5 scrolls of identify
 Q - a scroll of summoning
 R - a scroll of holy word
 V - 6 scrolls of fog
Potions
 c - a potion of might
 d - 2 potions of haste
 f - 2 potions of invisibility
 n - 5 potions of heal wounds
 p - 2 potions of magic
 q - 9 potions of brilliance
 F - 22 potions of curing
 G - 5 potions of resistance
 I - 4 potions of mutation
 L - 4 potions of flight
 M - 4 potions of lignification
 S - a potion of cancellation
 T - 3 potions of ambrosia
 U - a potion of berserk rage
Miscellaneous
 m - a box of beasts
 w - a phantom mirror
 A - a phantom mirror
 N - a condenser vane
 W - a lightning rod (4/4)


   Skills:
 + Level 10.4 Fighting
 - Level 8.0 Short Blades
 + Level 4.8 Armour
 - Level 12.0 Dodging
 - Level 24.0 Stealth
 - Level 7.2 Shields
 - Level 12.0 Spellcasting
 - Level 18.0 Hexes
 + Level 5.3 Summonings
 - Level 8.0 Translocations
 - Level 4.0 Ice Magic


You had 11 spell levels left.
You knew the following spells:

 Your Spells              Type           Power        Failure   Level
b - Ensorcelled Hibernat  Hex/Ice        70%          1%          2
c - Tukima's Dance        Hex            51%          1%          3
d - Dazzling Flash        Conj/Hex       60%          1%          3
e - Invisibility          Hex            51%          2%          6
f - Blink                 Tloc           N/A          1%          2
g - Apportation           Tloc           54%          1%          1
h - Cause Fear            Hex            25%          1%          4
j - Summon Forest         Summ/Tloc      12%          38%         5
k - Portal Projectile     Hex/Tloc       80%          1%          3

Your spell library contained the following spells:

 Spells                   Type           Power        Failure   Level
 Corona                   Hex            56%          0%          1
 Slow                     Hex            51%          1%          2
 Confusing Touch          Hex            51%          1%          3
 Inner Flame              Hex/Fire       56%          1%          3
 Summon Guardian Golem    Hex/Summ       36%          1%          3
 Summon Small Mammal      Summ           80%          2%          1
 Lesser Beckoning         Tloc           13%          2%          3
 Call Imp                 Summ           20%          3%          2
 Fulminant Prism          Conj/Hex       15%          5%          4
 Leda's Liquefaction      Hex/Erth       15%          5%          4
 Metabolic Englaciation   Hex/Ice        17%          7%          5
 Call Canine Familiar     Summ           20%          8%          3
 Animate Skeleton         Necr           14%          22%         1
 Beastly Appendage        Tmut           14%          22%         1
 Magic Dart               Conj           28%          22%         1
 Shock                    Conj/Air       28%          22%         1
 Summon Ice Beast         Ice/Summ       19%          32%         4
 Corpse Rot               Necr/Air       N/A          34%         2
 Poisonous Vapours        Pois/Air       14%          34%         2
 Searing Ray              Conj           14%          34%         2
 Swiftness                Air            7%           34%         2
 Wereblood                Tmut           7%           34%         2
 Iskenderun's Mystic Bla  Conj/Tloc      17%          41%         4
 Conjure Flame            Conj/Fire      15%          56%         3
 Mephitic Cloud           Conj/Pois/Air  7%           56%         3
 Spider Form              Tmut/Pois      3%           56%         3
 Static Discharge         Conj/Air       7%           56%         3
 Stone Arrow              Conj/Erth      14%          56%         3
 Summon Lightning Spire   Summ/Air       14%          58%         4
 Ice Form                 Ice/Tmut       12%          69%         4
 Airstrike                Air            3%           92%         4
 Alistair's Intoxication  Tmut/Pois      4%           99%         5
 Blade Hands              Tmut           3%           99%         5
 Lightning Bolt           Conj/Air       3%           99%         5
 Eringya's Noxious Bog    Tmut/Pois      3%           100%        6
 Freezing Cloud           Conj/Ice/Air   5%           100%        6
 Hydra Form               Tmut           3%           100%        6
 Ozocubu's Refrigeration  Ice            8%           100%        6
 Simulacrum               Ice/Necr       6%           100%        6
 Summon Hydra             Summ           10%          100%        7


Dungeon Overview and Level Annotations

Branches:
Dungeon (15/15)            Temple (1/1) D:6            Lair (6/6) D:8
  Swamp (4/4) Lair:4       Spider (3/4) Lair:2        Slime (0/5) Lair:5
    Orc (2/2) D:10            Elf (0/3) Orc:2        Vaults (0/5) D:13
 Depths (0/5) D:15          IceCv (visited)

Altars:
Ashenzari
Cheibriados
Dithmenos
Elyvilon
Fedhas
Gozag
Hepliaklqana
Kikubaaqudgha
Makhleb
Nemelex Xobeh
Okawaru
Qazlal
Ru
Sif Muna
Trog
Uskayaw
Vehumet
Wu Jian
Xom
Yredelemnul
Zin
The Shining One
Beogh
Jiyva

Shops:
D:12 =(*([   D:14 (   Orc:2 [}=*

Annotations:
D:3 1 transporter, acdeimund's ghost, amateur GrWr
D:15 1 runed translucent door
Lair:5 3 runed translucent doors, Plazmod's ghost, journeyman DECj
Lair:6 2 runed translucent doors, ew1980's ghost, journeyman SpFE
Spider:1 3 runed translucent doors, windgrace's ghost, journeyman DsIE


Innate Abilities, Weirdness & Mutations

You are very small and have problems with some larger weapons.
You are too small for most types of armour.
You have supernaturally acute eyesight. (SInv)
You cover ground extremely quickly.


Message History

You are engulfed in spectral mist.
You hit the ghost crab but do no damage.
The ghost crab is severely damaged.
You are engulfed in spectral mist.
The spectral swamp dragon bites you.
The spectral swamp dragon claws you but does no damage.
You block the spectral swamp dragon's attack.
The spriggan rider is engulfed in spectral mist.
The hornet dies!
The spriggan falls from its now dead mount.
The spriggan misses you. The spectral eleionoma hits you!
You feel very mighty all of a sudden.
You are engulfed in spectral mist.
* * * LOW HITPOINT WARNING * * *
The spectral bunyip misses you.
The spectral bunyip completely misses you.
The spectral bunyip claws you!
* * * LOW HITPOINT WARNING * * *
The ghost crab bites you!
You die...
Your body crumbles into a pile of gold.

≈≈≈,≈**≈≈,**♣≈§≈§≈≈≈≈≈.≈≈≈.♣
≈≈≈,**≈,,,* *♣≈≈≈≈≈≈≈≈≈≈≈≈.♣
≈≈≈,,,,≈,*♣♣*♣≈≈≈≈≈≈≈≈≈≈..♣♣
**,≈,,≈**♣♣.♣♣.≈≈≈.§≈♣≈≈≈≈♣♣♣♣♣
≈,≈,,,,* ♣≈.≈♣§≈≈≈≈≈♣♣♣♣...♣♣≈♣♣
≈,≈,≈,** ♣.§≈.≈≈☼≈≈☼.♣ ♣♣♣♣≈≈§§♣
≈≈,≈,,** ♣.≈≈.≈≈§○○♣♣♣ ♣♣≈≈≈.♣
*≈≈,,≈,***♣≈..°tZZZ≈♣ *♣..≈.♣♣♣
**≈,,≈≈,≈,..♣♣iZ@☼○≈♣***♣..♣♣≈♣..
**,,≈≈≈,,≈≈≈≈♣≈Z♣♣♣..≈≈,♣♣♣*♣♣.§≈
***≈≈≈,≈,≈≈≈,♣♣♣.≈,.§≈..,,,,*♣.^=
***≈≈,≈**,,,***≈§§≈≈≈≈≈≈,≈≈≈*♣≈..
**≈,,≈≈,***** **≈≈≈≈≈≈≈.≈,*♣≈≈≈≈.
**≈≈,≈≈,* *♣.≈≈≈§§.,≈♣≈≈≈≈≈≈
*,,,,,,** *.≈≈≈≈≈,,....≈≈§≈
≈≈*,,,,≈* **,,≈≈,*≈≈≈≈.R≈≈≈
≈,,≈,,≈,* ***,,,≈≈≈≈≈≈≈≈≈≈


You could see a ghost crab, a spectral seven-headed hydra (summoned), a spectral
swamp dragon (summoned), a spectral bunyip (summoned), a spectral goliath frog
(summoned), a spectral eleionoma (summoned) and a spriggan.

Vanquished Creatures
  Arachne (Spider:3)
  Kirke (Lair:5)
  A frost giant (IceCv)
  An emperor scorpion (Spider:1)
  An ironheart preserver (D:13)
  A stone giant (shapeshifter) (D:12)
  3 entropy weavers
  A spark wasp (Spider:2)
  A bunyip (Swamp:2)
  2 eleionomae
  An ettin (D:15)
  Fannar (Lair:2)
  8 centaur warriors
  3 boulder beetles
  14 hydras
  14 alligators
  A catoblepas (Lair:6)
  9 death yaks
  2 two-headed ogres (D:11)
  A deep troll shaman (Lair:6)
  An ogre mage (D:15)
  5 tengu warriors
  Urug (Lair:2)
  4 goliath frogs
  6 skeletal warriors
  A deep troll (D:15)
  2 unseen horrors
  A spriggan druid (Swamp:3)
  A wizard (Swamp:1)
  4 bog bodies
  3 orb spiders
  5 swamp dragons
  4 orc knights
  2 deep elf magi
  5 wolf spiders
  2 manticores
  19 ugly things
  4 cyclopes
  A moth of wrath (Spider:3)
  5 will-o-the-wisps
  A salamander (shapeshifter) (D:13)
  Psyche (D:9)
  4 black mambas
  2 gargoyles
  28 elephants
  16 cane toads
  A torpor snail (Spider:1)
  Maggie (D:9)
  An efreet (D:12)
  A yaktaur (D:15)
  11 demonic crawlers
  2 freezing wraiths (D:14)
  12 komodo dragons
  A tengu conjurer (D:15)
  8 rime drakes
  A bloated husk (Swamp:3)
  6 tyrant leeches
  21 polar bears
  A meliai (D:9)
  7 hornets
  6 trolls
  12 jumping spiders
  13 blink frogs
  A meliai zombie (D:14)
  9 slime creatures
  9 dream sheep
  5 shadows
  34 redbacks
  4 wyverns
  A vampire (D:15)
  5 spriggans
  9 tarantellas
  27 yaks
  4 wraiths
  3 basilisks
  A human (shapeshifter) (D:14)
  2 steam dragons
  3 hogs (Lair:5)
  7 vampire mosquitoes
  21 swamp worms
  2 acid dragons
  A soldier ant (D:13)
  17 water moccasins
  Duvessa (D:3)
  2 black bears
  A meliai simulacrum (D:15)
  A swamp drake (Swamp:1)
  A sky beast (D:6)
  2 ice beasts
  44 orc warriors
  A necrophage (D:12)
  12 ogres
  2 phantoms
  An eye of draining (D:12)
  28 centaurs
  35 wolves
  A big kobold (D:12)
  28 bullfrogs
  A gnoll sergeant (D:7)
  7 scorpions
  Dowan (D:4)
  8 killer bees
  5 electric eels
  4 howler monkeys
  4 crimson imps (D:5)
  6 jellies
  4 centaur zombies
  2 bullfrog zombies (D:9)
  2 quasits
  3 bullfrog skeletons
  21 orc priests
  3 hounds
  A gnoll shaman (D:4)
  10 orc wizards
  11 worker ants
  4 iguanas
  13 gnolls
  A howler monkey skeleton (D:6)
  18 adders
  12 river rats (D:5)
  4 shadow imps
  7 white imps
  An ufetubus (D:7)
  3 oozes
  An adder zombie (D:9)
  2 adder skeletons
  A worm (D:4)
  3 dart slugs
  9 leopard geckos
  106 orcs
  7 bats
  8 giant cockroaches
  9 goblins
  5 hobgoblins
  18 jackals
  11 quokkas
  A ball python skeleton (D:4)
  5 frilled lizards
  14 kobolds
  A leopard gecko skeleton (D:4)
  A leopard gecko zombie (D:5)
  24 rats
  2 butterflies (Lair:3)
1009 creatures vanquished.

Vanquished Creatures (collateral kills)
  Harold (D:7)
  2 polar bears (IceCv)
  2 yaks (IceCv)
  A wight (D:13)
6 creatures vanquished.

Vanquished Creatures (others)
  A bloated husk (Swamp:2)
  A hornet (Swamp:4)
  2 polar bears (IceCv)
  4 blink frogs (Lair:5)
  A yak (IceCv)
  2 dancing weapons
  A wolf (IceCv)
  14 foxfires
  46 fungi
  63 plants
135 creatures vanquished.

Grand Total: 1150 creatures vanquished

Notes
Turn   | Place    | Note
-------+----------+-------------------------------------------
     0 | D:1      | jmmainvi the Spriggan Enchanter began the quest for the
                  | Orb.
     0 | D:1      | Reached XP level 1. HP: 9/9 MP: 5/5
   161 | D:1      | Reached XP level 2. HP: 9/13 MP: 4/6
   164 | D:1      | Learned a level 2 spell: Ensorcelled Hibernation
  1216 | D:2      | Noticed an orc warrior
  1467 | D:3      | Reached XP level 3. HP: 16/16 MP: 3/8
  1622 | D:3      | Reached skill level 5 in Stealth
  2067 | D:3      | Reached skill level 1 in Ice Magic
  2067 | D:3      | Reached XP level 4. HP: 18/21 MP: 4/9
  2334 | D:3      | Found a transporter.
  2393 | D:3      | Noticed a gnoll sergeant
  2438 | D:3      | Found a bloodstained altar of Trog.
  2725 | D:3      | Found a transporter.
  2734 | D:3      | Noticed acdeimund's ghost (amateur GrWr)
  2774 | D:3      | Reached skill level 5 in Hexes
  2787 | D:3      | Found a faded altar of an unknown god.
  3292 | D:4      | Reached XP level 5. HP: 20/24 MP: 1/10
  3705 | D:4      | Noticed a phantom
  3745 | D:3      | Reached skill level 6 in Stealth
  4164 | D:5      | Entered Level 5 of the Dungeon
  4195 | D:5      | Reached XP level 6. HP: 22/28 MP: 5/11
  4506 | D:6      | Found an ornate altar of the Wu Jian Council.
  5177 | D:7      | Noticed an ice beast
  5294 | D:7      | Reached skill level 7 in Stealth
  5638 | D:8      | Found an opulent altar of Gozag.
  5657 | D:8      | Became a worshipper of Gozag Ym Sagoz the Greedy
  5939 | D:5      | Reached XP level 7. HP: 25/32 MP: 1/12
  6481 | D:1      | Found a sparkling altar of Nemelex Xobeh.
  6751 | D:1      | Found a sparkling altar of Nemelex Xobeh.
  9926 | D:3      | Found a transporter.
  9930 | D:3      | Found a transporter.
  9992 | D:3      | Found a faded altar of an unknown god.
 10151 | D:3      | Found a bloodstained altar of Trog.
 10958 | D:4      | Noticed Duvessa
 10958 | D:4      | Noticed Dowan
 11864 | D:5      | Reached skill level 8 in Stealth
 12556 | D:5      | Reached XP level 8. HP: 36/36 MP: 0/13
 12963 | D:5      | Found a shimmering altar of Xom.
 13389 | D:5      | Found a shimmering altar of Xom.
 13995 | D:6      | Found a staircase to the Ecumenical Temple.
 14004 | Temple   | Entered the Ecumenical Temple
 14629 | D:6      | Reached skill level 9 in Stealth
 15473 | D:6      | Found a staircase to the Ecumenical Temple.
 15924 | D:6      | Found an ornate altar of the Wu Jian Council.
 16521 | D:7      | Reached skill level 10 in Hexes
 16986 | D:7      | Reached skill level 10 in Stealth
 17156 | D:7      | Reached skill level 5 in Dodging
 17156 | D:7      | Reached XP level 9. HP: 39/39 MP: 14/14
 17357 | D:7      | Noticed Harold
 17399 | D:7      | Found a sparkling altar of Nemelex Xobeh.
 17981 | D:8      | Found a broken altar of Ashenzari.
 18828 | D:8      | Reached skill level 11 in Stealth
 19140 | D:9      | Found a blossoming altar of Fedhas.
 19145 | D:9      | Learned a level 3 spell: Tukima's Dance
 19149 | D:9      | Learned a level 3 spell: Dazzling Flash
 19152 | D:9      | Found a sparkling altar of Nemelex Xobeh.
 19568 | D:8      | Found a staircase to the Lair.
 19797 | D:9      | Noticed Psyche
 19807 | D:9      | Killed Psyche
 19844 | D:9      | Noticed an unseen horror
 19852 | D:9      | Killed an unseen horror
 19853 | D:9      | Reached XP level 10. HP: 44/44 MP: 10/15
 19946 | D:9      | Noticed a skeletal warrior
 19964 | D:9      | Reached skill level 12 in Stealth
 20239 | D:9      | Noticed Maggie
 20295 | D:9      | Noticed a cyclops
 20785 | D:9      | Identified the +1 chain mail of Intuition {Harm}
 21383 | D:9      | Killed Maggie
 21607 | D:10     | Entered Level 10 of the Dungeon
 22322 | D:10     | Reached skill level 13 in Stealth
 23534 | D:10     | Noticed an orc knight
 23535 | D:10     | Found a staircase to the Orcish Mines.
 23817 | D:10     | Killed an orc knight
 23818 | D:10     | Reached skill level 10 in Dodging
 24209 | D:11     | Reached XP level 11. HP: 45/47 MP: 14/16
 24392 | D:11     | Noticed a two-headed ogre
 24398 | D:11     | Killed a two-headed ogre
 24799 | D:11     | Noticed a two-headed ogre
 24800 | D:11     | Noticed an unseen horror
 24828 | D:11     | Killed an unseen horror
 25742 | D:11     | Got a steaming falchion
 25860 | D:12     | Found Liof's Armour Emporium.
 25869 | D:12     | Found Moale's Antique Weapon Emporium.
 26078 | D:12     | Found Baycw's Assorted Antiques.
 26101 | D:12     | Noticed a deep elf mage
 26107 | D:12     | Killed a deep elf mage
 26108 | D:12     | Reached skill level 14 in Stealth
 26606 | D:12     | Found Notyoh's Weapon Shoppe.
 26825 | D:12     | Reached skill level 15 in Hexes
 27800 | D:12     | Found Tesemuni's Jewellery Shoppe.
 28171 | D:12     | Bought a scroll of identify for 66 gold pieces
 28171 | D:12     | Bought a scroll labelled FEONIGEF ILIZ for 33 gold pieces
 28171 | D:12     | Bought a scroll of identify for 66 gold pieces
 28171 | D:12     | Bought a potion of curing for 99 gold pieces
 28171 | D:12     | Bought a scroll of identify for 66 gold pieces
 28171 | D:12     | Bought a scroll of identify for 66 gold pieces
 28878 | D:12     | Noticed a sphinx
 28952 | D:12     | Noticed a stone giant
 29631 | D:4      | Killed Dowan
 29699 | D:3      | Killed Duvessa
 30368 | D:7      | Killed Harold
 30455 | D:7      | Reached skill level 15 in Stealth
 31103 | D:13     | Found a frozen archway.
 31115 | IceCv    | Entered an ice cave
 31129 | IceCv    | Reached XP level 12. HP: 52/52 MP: 17/17
 31490 | IceCv    | Reached skill level 1 in Fighting
 32482 | IceCv    | Reached skill level 16 in Stealth
 33584 | IceCv    | Noticed a frost giant
 33626 | IceCv    | Killed a frost giant
 34007 | IceCv    | Got a crude arbalest
 34258 | D:13     | Identified the +8 falchion of Tumult {flame, rF+ rC- rN+
                  | Str+2} (You found it on level 11 of the Dungeon)
 34259 | D:13     | Identified the +9 arbalest of Radicalism {elec, rN+ Will-
                  | Str+2 Stlth+} (You found it in an ice cave)
 34636 | D:13     | Found a gate to the Vaults.
 34636 | D:13     | Noticed an ironheart preserver
 34641 | D:13     | Noticed a tengu warrior
 34909 | D:13     | Noticed a tengu warrior
 34918 | D:13     | Killed a tengu warrior
 34930 | D:13     | Noticed a centaur warrior
 34932 | D:13     | Killed a tengu warrior
 34933 | D:13     | Reached skill level 17 in Stealth
 35046 | D:13     | Killed a centaur warrior
 35231 | D:13     | Killed an ironheart preserver
 35232 | D:13     | Reached skill level 5 in Short Blades
 36012 | D:13     | Found a gate to the Vaults.
 36658 | D:13     | Identified a scroll of acquirement
 36659 | D:13     | Acquired the +2 hood of the Assassin {Detection Stab+
                  | Stlth++}
 36660 | D:13     | Found the +2 hood of the Assassin {Detection Stab+ Stlth++}
 36747 | D:14     | Noticed a centaur warrior
 36755 | D:14     | Killed a centaur warrior
 36790 | D:14     | Found Piegont's Weapon Shoppe.
 36802 | D:14     | Reached XP level 13. HP: 61/61 MP: 9/18
 36815 | D:14     | Found a flickering gateway to a bazaar.
 36840 | Bazaar   | Entered a bazaar
 36840 | Bazaar   | Found Caten's Armour Boutique.
 36840 | Bazaar   | Found Pog Matz's Magic Scroll Shoppe.
 36840 | Bazaar   | Found Baofoasia's Distillery.
 36840 | Bazaar   | Found Koraokiosch's Magic Scroll Shoppe.
 36958 | Bazaar   | Found Keqon's Weapon Shop.
 36958 | Bazaar   | Found Oleire Cemag's Book Emporium.
 36989 | Bazaar   | Bought the +10 quick blade "Beastslayer" {drain, rElec
                  | Dex+4} for 795 gold pieces
 36989 | Bazaar   | Bought 4 datura-tipped darts for 12 gold pieces
 37000 | Bazaar   | Bought a potion of curing for 33 gold pieces
 37000 | Bazaar   | Bought a potion of haste for 110 gold pieces
 37000 | Bazaar   | Bought a potion of curing for 33 gold pieces
 37000 | Bazaar   | Bought a potion of curing for 33 gold pieces
 37000 | Bazaar   | Bought a potion of invisibility for 88 gold pieces
 37011 | Bazaar   | Bought a scroll of blinking for 82 gold pieces
 37011 | Bazaar   | Bought a scroll of teleportation for 33 gold pieces
 37011 | Bazaar   | Bought a scroll of fog for 22 gold pieces
 37011 | Bazaar   | Bought a scroll of teleportation for 33 gold pieces
 37011 | Bazaar   | Bought a scroll of enchant weapon for 82 gold pieces
 37011 | Bazaar   | Bought a scroll of identify for 22 gold pieces
 37011 | Bazaar   | Bought a scroll of blinking for 82 gold pieces
 37021 | Bazaar   | Bought a scroll of blinking for 112 gold pieces
 37021 | Bazaar   | Bought a scroll of teleportation for 45 gold pieces
 37021 | Bazaar   | Bought a scroll of identify for 30 gold pieces
 37021 | Bazaar   | Bought a scroll of identify for 30 gold pieces
 37021 | Bazaar   | Bought a scroll of blinking for 112 gold pieces
 37021 | Bazaar   | Bought a scroll of identify for 30 gold pieces
 37021 | Bazaar   | Bought a scroll of identify for 30 gold pieces
 37029 | Bazaar   | Bought a book of Callings for 360 gold pieces
 37029 | Bazaar   | Bought a book of Minor Magic for 240 gold pieces
 37029 | Bazaar   | Bought a book of Party Tricks for 600 gold pieces
 37036 | Bazaar   | Learned a level 6 spell: Invisibility
 37039 | Bazaar   | Learned a level 2 spell: Blink
 37736 | Lair:1   | Entered Level 1 of the Lair of Beasts
 37887 | Lair:1   | Reached skill level 18 in Stealth
 37887 | Lair:1   | Reached skill level 1 in Shields
 39260 | Lair:2   | Noticed Fannar
 39295 | Lair:2   | Killed Fannar
 39452 | Lair:2   | Found a hole to the Spider Nest.
 39738 | Lair:2   | Noticed Urug
 39740 | Lair:2   | Killed Urug
 40675 | Lair:2   | Found a hole to the Spider Nest.
 41889 | Lair:3   | Found a white marble altar of Elyvilon.
 42623 | Lair:3   | Reached skill level 19 in Stealth
 42675 | Lair:3   | Reached skill level 5 in Fighting
 44719 | Lair:4   | Reached XP level 14. HP: 62/68 MP: 21/21
 44756 | Lair:4   | Found a staircase to the Swamp.
 45444 | Lair:4   | Found a staircase to the Swamp.
 46437 | Lair:4   | Reached skill level 5 in Spellcasting
 46595 | Lair:5   | Found a viscous altar of Jiyva.
 46596 | Lair:5   | Found a staircase to the Slime Pits.
 46896 | Lair:5   | Reached skill level 20 in Stealth
 47321 | Lair:5   | Noticed Kirke
 47580 | Lair:5   | Reached skill level 5 in Shields
 47594 | Lair:5   | Found a runed translucent gate.
 47594 | Lair:5   | Found a runed translucent gate.
 47594 | Lair:5   | Found a runed translucent gate.
 47599 | Lair:5   | Noticed Plazmod's ghost (journeyman DECj)
 47866 | Lair:5   | Killed Kirke
 49061 | Lair:5   | Found a viscous altar of Jiyva.
 49065 | Lair:5   | Found a staircase to the Slime Pits.
 49289 | Lair:5   | Found a runed translucent gate.
 49289 | Lair:5   | Found a runed translucent gate.
 49289 | Lair:5   | Found a runed translucent gate.
 49672 | Lair:6   | Entered Level 6 of the Lair of Beasts
 49932 | Lair:6   | Learned a level 1 spell: Apportation
 49937 | Lair:6   | Learned a level 4 spell: Cause Fear
 49942 | Lair:6   | Learned a level 4 spell: Summon Lightning Spire
 49970 | Lair:6   | Found a large runed translucent door.
 49970 | Lair:6   | Found a large runed translucent door.
 49974 | Lair:6   | Noticed ew1980's ghost (journeyman SpFE)
 50065 | Lair:6   | Reached skill level 21 in Stealth
 50912 | Lair:5   | Reached XP level 15. HP: 56/74 MP: 27/27
 51826 | Lair:6   | Reached skill level 22 in Stealth
 52517 | Orc:1    | Entered Level 1 of the Orcish Mines
 52542 | Orc:1    | Reached skill level 1 in Translocations
 52927 | Orc:2    | Entered Level 2 of the Orcish Mines
 52932 | Orc:2    | Found a roughly hewn altar of Beogh.
 52979 | Orc:2    | Found a flickering gateway to a bazaar.
 52986 | Bazaar   | Entered a bazaar
 53000 | Bazaar   | Found Moanuud's Antique Armour Shoppe.
 53000 | Bazaar   | Found Senlevov's Jewellery Emporium.
 53022 | Bazaar   | Found Gidiacymm's Book Shoppe.
 53022 | Bazaar   | Found Dulammia's Magic Scroll Emporium.
 53027 | Bazaar   | Bought a scroll of enchant armour for 97 gold pieces
 53027 | Bazaar   | Bought a scroll of magic mapping for 45 gold pieces
 53091 | Bazaar   | Bought the ring of Qaunkyfai {Fire rPois rN+ Int+4 Dex-4}
                  | for 727 gold pieces
 54316 | Orc:2    | Found a staircase to the Elven Halls.
 54597 | Orc:2    | Found a roughly hewn altar of Beogh.
 54879 | Orc:2    | Found Poru's Gadget Shoppe.
 54879 | Orc:2    | Found Sagg's Jewellery Boutique.
 54880 | Orc:2    | Found Yzum's General Store.
 54882 | Orc:2    | Found Vewukux's Antique Armour Emporium.
 54889 | Orc:2    | Bought a scroll of enchant armour for 97 gold pieces
 54889 | Orc:2    | Bought a potion of curing for 39 gold pieces
 54993 | Orc:2    | Found a roughly hewn altar of Beogh.
 55160 | Orc:2    | Found a roughly hewn altar of Beogh.
 55284 | Orc:2    | Found a staircase to the Elven Halls.
 55433 | Orc:2    | Bought a wand of digging (6) for 340 gold pieces
 55433 | Orc:2    | Bought a wand of digging (3) for 238 gold pieces
 55851 | D:12     | Found Liof's Armour Emporium.
 56189 | D:12     | Found Notyoh's Weapon Shoppe.
 56234 | D:12     | Found Baycw's Assorted Antiques.
 56281 | D:12     | Found Tesemuni's Jewellery Shoppe.
 56587 | D:12     | Found Moale's Antique Weapon Emporium.
 57066 | D:12     | Bought the ring of Dychusiv {Will+ Str+6 Stlth+} for 711
                  | gold pieces
 57119 | D:12     | Bought +2 ice dragon scales for 1152 gold pieces
 57762 | D:10     | Found a staircase to the Orcish Mines.
 59217 | D:14     | Reached skill level 23 in Stealth
 59312 | D:14     | Reached skill level 5 in Translocations
 59680 | D:15     | Entered Level 15 of the Dungeon
 60169 | D:15     | Reached skill level 10 in Spellcasting
 60492 | D:15     | Noticed a tengu reaver
 60513 | D:15     | Reached XP level 16. HP: 39/82 MP: 31/31
 61776 | D:15     | Reached skill level 24 in Stealth
 61797 | D:15     | Learned a level 5 spell: Summon Forest
 61801 | D:15     | Learned a level 3 spell: Portal Projectile
 61949 | D:15     | Found a staircase to the Depths.
 62068 | D:15     | Reached skill level 1 in Summonings
 62138 | D:15     | Found a runed translucent door.
 62419 | Spider:1 | Entered Level 1 of the Spider Nest
 62546 | Spider:1 | Reached skill level 1 in Armour
 62858 | Spider:1 | Found a runed translucent gate.
 62858 | Spider:1 | Found a runed translucent gate.
 62858 | Spider:1 | Found a runed translucent gate.
 62858 | Spider:1 | Noticed windgrace's ghost (journeyman DsIE)
 64875 | Spider:3 | Noticed Arachne
 64899 | Spider:3 | Killed Arachne
 66176 | Swamp:1  | Entered Level 1 of the Swamp
 68254 | Swamp:2  | Reached XP level 17. HP: 88/88 MP: 32/34
 68310 | Swamp:2  | Reached skill level 10 in Fighting
 68905 | Swamp:3  | Reached skill level 5 in Summonings
 69683 | Swamp:4  | Entered Level 4 of the Swamp
 69956 | Swamp:4  | Mangled by a ghost crab

Illustrated notes

Levels and vault maps discovered:
D:1:      minmay_arrival_four_loops, layout_loops_corners,
          nemelex_diamond_rough_becter
D:2:      layout_basic, minmay_crystal_room
D:3:      minmay_razor_zed, layout_basic, gammafunk_ghost_gnarly_gnolls,
          chequers_ecumenical_altar_twisty, trog_three_pillars_becter
D:4:      cheibrodos_quashed, layout_basic, moated_statue, uniq_duvessa
D:5:      lemuel_ratsnest, layout_loops_cross, led_xom_imps
D:6:      layout_gridville, temple_doors_cd, basic_altar, nrook_campfire
D:7:      layout_basic, kennysheep_doodads, minivault_1,
          nemelex_lonely_heart_becter, uniq_harold
D:8:      kennysheep_windowed_halls, layout_gridville, grunt_gozag_breadcrumbs,
          lemuel_crystal_altar, lair_entry_dummy
D:9:      minmay_the_grid_octo_tiled_octocenter [minmay_the_grid_octo_toaster,
          minmay_the_grid_octo_checkered, minmay_the_grid_octo_odd_swirl,
          minmay_the_grid_octo_checkerflower, minmay_the_grid_octo_prize_big_c,
          minmay_the_grid_square_5x5_misaligned, minmay_the_grid_square_5x5_z,
          minmay_the_grid_square_5x5_checkered,
          minmay_the_grid_square_5x5_trominoes], layout_cave_pools,
          nemelex_xobeh_ov_fountains_minmay, fedhas_altar_1, uniq_psyche,
          uniq_maggie
D:10:     layout_irregular_city, erik_orc_2, serial_rivers,
          chequers_serial_rivers_small_3, chequers_serial_rivers_large_b,
          chequers_serial_rivers_small_a, chequers_serial_rivers_small_b,
          chequers_serial_rivers_marsh
D:11:     layout_irregular_city
D:12:     minmay_opposing_rooms, layout_basic, serial_shops, shop, shop,
          nicolae_shop_waterfront, shop, shop
D:13:     layout_loops_ring, skrybe_vaults_entry_preservation,
          portal_ice_cave_rime
D:14:     layout_roguey, serial_shops, bzr_entry_customers, nicolae_shop_trees,
          minmay_misc_feat_chi
D:15:     hangedman_depths_entry_civil_slaughter, layout_loops_cross,
          minmay_st_funbox
Temple:   dpeg_five_rooms_temple
Lair:1:   layout_misc_corridors, minivault_23, minivault_24
Lair:2:   layout_gridlike, spider_nest_entry_rubble, beast_lair_carwin_10,
          uniq_fannar, uniq_urug
Lair:3:   layout_chaotic_city, basic_altar, beast_lair_carwin_7,
          grunt_megastairs_1, lemuel_fruit_fields, serial_bayou_shore_b
Lair:4:   layout_regular_city, nicolae_swamp_entry_splash_gauntlet,
          cheibrodos_lair_lostbears
Lair:5:   onia_ninara_swampy_vault, layout_misc_corridors,
          dpeg_slime_entry_enclosed_altar, ebering_ghost_rock_garden,
          infiniplex_staircase_pool, uniq_kirke
Lair:6:   grunt_lair_end_beastmaster, layout_long_grid,
          ebering_ghost_disaster_area, minivault_11
Swamp:1:  layout_falls_marsh, nicolae_swamp_little_tower, swamp_pool2,
          grunt_hermit_hut
Swamp:2:  layout_falls_marsh, evilmike_swamp_ruin_house_6
Swamp:3:  layout_basic_swamp, nicolae_swamp_feature_on_the_river_bank
Swamp:4:  swamp, layout_basic_swamp
Spider:1: layout_spider_delve, gammafunk_ghost_necromancy
Spider:2: layout_spider_delve
Spider:3: layout_spider_delve, uniq_arachne
Orc:1:    layout_caves
Orc:2:    st_orc_rangers, layout_caves, serial_shops, bzr_entry_dummy,
          basic_altar, minmay_orc_temple_b

Skill      XL: |  1  2  3  4  5  6  7  8  9 10 11 12 13 14 15 16 17 |
---------------+----------------------------------------------------+-----
Spellcasting   | 3 4 7 10 12 | 12.0
Hexes          | 4 5 6 7 8 10 12 14 15 17 18 | 18.0
Stealth        | 5 6 7 8 10 11 13 15 17 19 21 23 24 | 24.0
Ice Magic      | 1 2 3 4 |  4.0
Dodging        | 5 8 10 12 | 12.0
Short Blades   | 5 7 8 |  8.0
Fighting       | 3 5 6 8 9 10 | 10.4
Shields        | 3 6 7 |  7.2
Translocations | 6 8 |  8.0
Summonings     | 4 5 |  5.3
Armour         | 3 4 |  4.8

Action                   |  1- 3 |  4- 6 |  7- 9 | 10-12 | 13-15 | 16-18 || total
-------------------------+-------+-------+-------+-------+-------+-------++-------
Melee: Dagger            |    60 |   125 |   391 |   243 |     5 |       ||   824
       Rapier            |       |       |       |   524 |       |       ||   524
       Quick blade       |       |       |       |       |  1458 |   877 ||  2335
Throw: Dart              |       |       |       |    22 |       |     3 ||    25
       Throwing net      |       |       |       |     2 |       |       ||     2
 Cast: Corona            |     3 |       |    13 |    41 |     1 |     1 ||    59
       Ensorcelled Hiber |    27 |    60 |   183 |   326 |   365 |   134 ||  1095
       Tukima's Dance    |       |       |     2 |    11 |    11 |     4 ||    28
       Dazzling Flash    |       |       |       |     1 |     3 |       ||     4
       Apportation       |       |       |       |       |     4 |       ||     4
Evoke: Wand              |       |       |     2 |    19 |    14 |     2 ||    37
       Phantom mirror    |       |       |       |     1 |       |       ||     1
       Condenser vane    |       |       |       |     1 |       |       ||     1
  Use: Scroll            |       |       |       |    28 |    16 |    10 ||    54
       Potion            |       |       |       |     6 |       |     1 ||     7
 Stab: Sleeping          |    23 |    37 |   122 |   182 |   218 |   111 ||   693
       Distracted        |       |       |     1 |     3 |    18 |     8 ||    30
       Invisible         |       |       |       |     7 |     1 |     1 ||     9
       Held in net/web   |       |       |       |     1 |       |       ||     1
       Petrifying        |       |       |       |       |     1 |       ||     1
       Petrified         |       |       |       |       |     1 |       ||     1
Armor: Robe              |     4 |    17 |    20 |     3 |       |       ||    44
       Steam dragon scal |       |       |       |    78 |    65 |       ||   143
       Ice dragon scales |       |       |       |       |    23 |   106 ||   129
Dodge: Dodged            |    49 |   114 |   280 |   804 |   798 |   255 ||  2300
Block: Buckler           |       |       |       |     3 |   350 |   206 ||   559
       Reflection        |       |       |       |     2 |    30 |    10 ||    42
